 Dungeon Crawl Stone Soup version 0.27-a0-1119-gbf574a6a6b (webtiles) character file.

Game seed: 15994723920972791442

86 Zeld the Chucker (level 4, -2/31 HPs)
             Began as an Octopode Fighter on May 2, 2021.
             Slain by bisexualwizard's ghost (4 damage)
             ... on level 3 of the Dungeon.
             The game lasted 00:02:43 (2145 turns).

Zeld the Chucker (Octopode Fighter)                 Turns: 2145, Time: 00:02:44

Health: -2/31      AC:  1    Str: 16    XL:     4   Next: 49%
Magic:  4/4        EV: 11    Int: 10    God:
Gold:   81         SH:  8    Dex: 11    Spells: 3/3 levels left

rFire    . . .     SeeInvis .   a - +0 war axe
rCold    . . .     Faith    .   b - +0 kite shield
rNeg     . . .     Spirit   .   (helmet restricted)
rPois    .         Reflect  .   (no amulet)
rElec    .         Harm     .   (no ring)
rCorr    .         Rampage  .   (no ring)
Will     .....                  (no ring)
Stlth    ++........             (no ring)
HPRegen  0.10/turn              (no ring)
MPRegen  0.09/turn              (no ring)
                                (no ring)
                                (no ring)

@: mighty
A: almost no armour, amphibious, 8 rings, camouflage 1, gelatinous body 1,
(nimble swimmer 1), tentacles
a: no special abilities


You were on level 3 of the Dungeon.
You visited 1 branch of the dungeon, and saw 3 of its levels.

You collected 81 gold pieces.

Inventory:

Hand Weapons
 a - a +0 war axe (weapon)
Missiles
 d - 15 poisoned darts (quivered)
 f - 8 silver boomerangs
Armour
 b - a +0 kite shield (worn)
Scrolls
 e - a scroll of enchant weapon {unknown}
 h - 5 scrolls of identify {unknown}
 i - 2 scrolls of teleportation {unknown}
 j - 2 scrolls of amnesia {unknown}
Potions
 g - a potion of ambrosia {unknown}


   Skills:
 - Level 3.2 Fighting
 - Level 2.2 Axes
 * Level 3.4 Throwing
 - Level 3.0 Dodging
 - Level 3.1 Shields


You had 3 spell levels left.
You didn't know any spells.
Your spell library was empty.

Dungeon Overview and Level Annotations

Branches:
Dungeon (3/15)

Altars:
Beogh

Annotations:
D:3 bisexualwizard's ghost, weakling DEFE


Innate Abilities, Weirdness & Mutations

You cannot wear most types of armour.
You are amphibious.
You can wear up to eight rings at the same time.
Your skin changes colour to match your surroundings (Stealth+).
Your rubbery body absorbs attacks. (AC +1, EV +1)
((You are camouflaged near water. (Stealth+)))
You have tentacles for arms and can constrict up to eight enemies at once.


Message History

* * * LOW HITPOINT WARNING * * *
Bisexualwizard's ghost hits you but does no damage.
Unknown command.
You aren't carrying any items that you can evoke.
Unknown command.
It was a potion of curing.
You feel better. Bisexualwizard's ghost hits you.
You completely miss bisexualwizard's ghost.
Your squeeze misses bisexualwizard's ghost.
Bisexualwizard's ghost hits you.
You completely miss bisexualwizard's ghost.
Your squeeze misses bisexualwizard's ghost.
You hit the orc.
Bisexualwizard's ghost closely misses you.
You block the orc's attack.
You block bisexualwizard's ghost's attack.
You block the orc's attack.
You are too injured to fight recklessly!
You are too injured to fight recklessly!
You are too injured to fight recklessly!
You slash the orc!
You kill the orc!
You closely miss bisexualwizard's ghost.
Your squeeze misses bisexualwizard's ghost.
Bisexualwizard's ghost hits you.
* * * LOW HITPOINT WARNING * * *
You block bisexualwizard's ghost's attack.
You barely miss bisexualwizard's ghost.
Your squeeze misses bisexualwizard's ghost.
Bisexualwizard's ghost hits you.
* * * LOW HITPOINT WARNING * * *
You closely miss bisexualwizard's ghost.
Your squeeze misses bisexualwizard's ghost.
Bisexualwizard's ghost hits you.
* * * LOW HITPOINT WARNING * * *
You block bisexualwizard's ghost's attack.
You completely miss bisexualwizard's ghost.
Bisexualwizard's ghost hits you.
* * * LOW HITPOINT WARNING * * *
You block the orc's attack. Bisexualwizard's ghost hits you.
You die...

#######################
#..............)......#
#.###################.#
###.# ######8# #.#
.##.# 8 ....#.######.#
.##.# ..##..#.#......#
....# ..8#..#(#...####
....# ..##..#.#.....#
....# ....#.#@##'##.#
....# [..$#.oW##.##.#
.##.# _.8.#.'oo#.##.#
....# [...#.'..o.##.#
.#### ....#.#.##.##.#
## ..##..#)##.##.#
..8#..#.##.##.#
..##..#.##o##.#
8.....#....#


You could see bisexualwizard's ghost and 4 orcs.

Vanquished Creatures
  An adder (D:3)
  2 worms (D:2)
  2 dart slugs (D:1)
  4 orcs (D:3)
  2 ball pythons (D:2)
  3 endoplasms
  2 giant cockroaches
  7 goblins
  4 hobgoblins
  13 jackals
  6 kobolds (D:1)
  A quokka (D:1)
  2 bats
  A frilled lizard (D:1)
  5 rats
55 creatures vanquished.

Notes
Turn   | Place    | Note
-------+----------+-------------------------------------------
     0 | D:1      | Zeld the Octopode Fighter began the quest for the Orb.
     0 | D:1      | Reached XP level 1. HP: 16/16 MP: 1/1
    24 | D:1      | Reached XP level 2. HP: 9/21 MP: 2/2
   313 | D:1      | Reached skill level 1 in Throwing
   518 | D:1      | Found a faded altar of an unknown god.
   547 | D:1      | Reached XP level 3. HP: 20/26 MP: 3/3
  1637 | D:2      | Reached XP level 4. HP: 30/31 MP: 4/4
  2076 | D:3      | Found a runed translucent gate.
  2077 | D:3      | Found a runed translucent gate.
  2077 | D:3      | Found a runed translucent gate.
  2077 | D:3      | Noticed bisexualwizard's ghost (weakling DEFE)
  2079 | D:3      | Identified the +7 scale mail of Hucelol {rElec Int+3
                  | Stlth+}
  2145 | D:3      | Slain by bisexualwizard's ghost

Illustrated notes

Levels and vault maps discovered:
D:1:      minmay_arrival_five_plusses, layout_basic,
          shapermc_ecumenical_altar_starsandcircs, columned_hall_lemuel
D:2:      layout_basic, minmay_close_crescents
D:3:      layout_basic, biasface_ghost_orc_armoury

Skill      XL: |  1  2  3  4 |
---------------+-------------+-----
Throwing       | 1 2 3 |  3.4
Fighting       | |  3.2
Axes           | |  2.2
Dodging        | |  3.0
Shields        | |  3.1

Action                   |  1- 3 |  4- 6 || total
-------------------------+-------+-------++-------
Melee: War axe           |    69 |    40 ||   109
       Constrict         |    23 |     6 ||    29
       Tentacles         |    16 |     3 ||    19
  Use: Potion            |       |     2 ||     2
 Stab: Sleeping          |     3 |       ||     3
Armor: Skin              |     5 |     5 ||    10
Dodge: Dodged            |    26 |    33 ||    59
Block: Kite shield       |    29 |    25 ||    54

Table legend: (Time is in decaauts)
 A = Elapsed time spent in this place.
 B = Non-inter-level travel time spent in this place.
 C = Inter-level travel time spent in this place.
 D = Time resting spent in this place.
 E = Time spent auto-exploring this place.
 F = Levels seen in this place.
 G = Mean time per level.
                   A        B        C        D        E       F      G
               +--------+--------+--------+--------+--------+-----+--------+
         Total |   2213 |   2183 |     30 |      0 |   1811 |   3 |  737.7 |
       Dungeon |   2213 |   2183 |     30 |      0 |   1811 |   3 |  737.7 |
               +--------+--------+--------+--------+--------+-----+--------+

Top non-repeatable levels by time:
     D:1: 1206 daAuts
     D:2: 813 daAuts
     D:3: 193 daAuts
